 Dungeon Crawl Stone Soup version 0.29-a0-902-g0f71de6fce (webtiles) character file.

Game seed: 10350150146520366756

68 Johnny the Poker (level 3, -2/43 HPs)
             Began as a Demigod Gladiator on July 24, 2022.
             Succumbed to a water moccasin's poison
             ... on level 3 of the Dungeon.
             The game lasted 00:01:07 (2125 turns).

Johnny the Poker (Demigod Gladiator)                Turns: 2125, Time: 00:01:08

Health: -2/43      AC:  7    Str: 19    XL:     3   Next: 73%
Magic:  5/5        EV: 10    Int: 10    God:
Gold:   117        SH:  0    Dex: 15    Spells: 2/2 levels left

rFire   . . .      SeeInvis .   a - +0 trident
rCold   . . .      Faith    .   (no shield)
rNeg    . . .      Spirit   .   h - +0 scale mail
rPois   .          Reflect  .   c - +0 helmet
rElec   .          Harm     .   (no cloak)
rCorr   .          Rampage  .   (no gloves)
Will    .....                   (no boots)
Stlth   ..........              (no amulet)
HPRegen 0.14/turn               (no ring)
MPRegen 0.09/turn               (no ring)

@: berserking, lethally poisoned (-2 -> -23), flying, very quick
A: high MP 1, forlorn, divine attributes
a: no special abilities


You were on level 3 of the Dungeon.
You visited 1 branch of the dungeon, and saw 3 of its levels.

You collected 117 gold pieces.

Inventory:

Hand Weapons
 a - a +0 trident (weapon)
Missiles
 d - 3 throwing nets (quivered)
 e - a javelin
Armour
 b - a +0 leather armour
 c - a +0 helmet (worn)
 h - a +0 scale mail (worn)
 m - a +0 chain mail
 t - a +0 cloak
Jewellery
 s - a ring of ice
Scrolls
 f - 4 scrolls of identify {unknown}
 g - a scroll of teleportation {unknown}
 i - a scroll of noise {unknown}
 j - 2 scrolls of magic mapping {unknown}
 k - a scroll of poison {unknown}
 n - a scroll of blinking {unknown}
 p - a scroll of amnesia {unknown}
Potions
 l - a potion of flight
 o - a potion of berserk rage
 q - a potion of haste {unknown}
 r - a potion of might {unknown}


   Skills:
 - Level 1.7 Fighting
 * Level 4.0 Polearms
 + Level 2.6 Throwing
 - Level 2.6 Dodging


You had 2 spell levels left.
You didn't know any spells.
Your spell library was empty.

Dungeon Overview and Level Annotations

Branches:
Dungeon (3/15)


Innate Abilities, Weirdness & Mutations

You have an increased reservoir of magic. (+10% MP)
You shall have no god before yourself.
Your divine heritage dramatically boosts your attributes as you level up.


Message History

No target in view!
No target in view!
No target in view!
No target in view!
No target in view!
No target in view!
No target in view!
No target in view!
Found a stone staircase leading up.
A hobgoblin comes into view.
The hobgoblin shouts!
You hear an angry hiss. x2
A water moccasin comes into view.
Things that are here:
a +0 dagger; a goblin corpse
Found a stone staircase leading down.
You see here a +0 cloak.
t - a +0 cloak A frilled lizard comes into view.
The water moccasin bites you.
You are lethally poisoned!
The water moccasin poisons you!
The water moccasin attacks as you move away!
The water moccasin bites you.
You feel very sick.
Found a bloodstained altar of Trog.
* * * LOW HITPOINT WARNING * * *
You feel very sick.
It was a potion of flight.
You feel very buoyant.
You fly up into the air.
* * * LOW HITPOINT WARNING * * *
You feel sick. The water moccasin bites you.
* * * LOW HITPOINT WARNING * * *
You are more poisoned.
The water moccasin poisons you!
The water moccasin bites you but does no damage.
It was a potion of berserk rage.
A red film seems to cover your vision as you go berserk!
You feel yourself moving faster!
You feel mighty!
You die...

###..[..)....#
..............#
##.###..........#
#............†.##
#.###+###......<#
#.# #.......#
#.###.###.......#
#.###_..+.......#
#@# #.......# #S#
#......## ###
###g###+###.....##
....
#.............###
.....#...##......###
.....$...##...####
........)##..##
.....>.......#
...<.#...#..##


You could see a water moccasin and a hobgoblin.

Vanquished Creatures
  2 adders (D:2)
  4 dart slugs
  2 bats (D:2)
  5 endoplasms
  3 giant cockroaches
  6 goblins
  3 hobgoblins
  2 kobolds
  2 quokkas
  3 ball pythons
  5 frilled lizards (D:2)
  2 rats
39 creatures vanquished.

Notes
Turn   | Place    | Note
-------+----------+-------------------------------------------
     0 | D:1      | Johnny the Demigod Gladiator began the quest for the Orb.
     0 | D:1      | Reached XP level 1. HP: 17/17 MP: 3/3
   159 | D:1      | Reached skill level 3 in Polearms
   324 | D:1      | Reached XP level 2. HP: 18/24 MP: 4/4
  1043 | D:2      | Reached XP level 3. HP: 29/29 MP: 5/5
  2107 | D:3      | Reached skill level 4 in Polearms
  2116 | D:3      | Noticed a water moccasin
  2125 | D:3      | Succumbed to a water moccasin's poison

Illustrated notes

Levels and vault maps discovered:
D:1:      psy_arrival_radial02, layout_basic
D:2:      layout_loops_corners, basic_altar, serial_rivers,
          chequers_serial_rivers_large_b, chequers_serial_rivers_micro_e,
          chequers_serial_rivers_micro_d, chequers_serial_rivers_micro_a,
          chequers_serial_rivers_marsh
D:3:      layout_rooms, lemuel_doored_altar, vehumet_crystals,
          nicolae_ecumenical_lake_church, corexii_shack,
          nicolae_concentric_dashed_squares_wild, uniq_jessica

Skill      XL: |  1  2  3 |
---------------+----------+-----
Polearms       | 3 4 |  4.0
Throwing       | 2 |  2.6
Fighting       | |  1.7
Dodging        | |  2.6

Action                   || total
-------------------------++-------
Melee: Trident           ||    92
  Use: Potion            ||     2
 Stab: Sleeping          ||     1
Armor: Leather armour    ||     2
       Scale mail        ||    26
Dodge: Dodged            ||    33

Table legend: (Time is in decaauts)
 A = Elapsed time spent in this place.
 B = Non-inter-level travel time spent in this place.
 C = Inter-level travel time spent in this place.
 D = Time resting spent in this place.
 E = Time spent auto-exploring this place.
 F = Levels seen in this place.
 G = Mean time per level.
                   A        B        C        D        E       F      G
               +--------+--------+--------+--------+--------+-----+--------+
         Total |   2165 |   2111 |     54 |      0 |   1856 |   3 |  721.7 |
       Dungeon |   2165 |   2111 |     54 |      0 |   1856 |   3 |  721.7 |
               +--------+--------+--------+--------+--------+-----+--------+

Top non-repeatable levels by time:
     D:2: 1253 daAuts
     D:1: 831 daAuts
     D:3: 80 daAuts
